 Dungeon Crawl Stone Soup version 0.19.1-1-g22dce08 (webtiles) character file.

96 Alarkh the Chopper (level 4, -9/35 HPs)
             Began as a Demonspawn Monk on Jan 7, 2017.
             Was a Believer of Okawaru.
             Killed by divine providence
             ... invoked by an orc priest
              (12 damage)
             ... on level 3 of the Dungeon.
             The game lasted 00:01:52 (2178 turns).

Alarkh the Chopper (Demonspawn Monk)                Turns: 2178, Time: 00:01:53

Health: -9/35      AC:  4    Str: 12    XL:     4   Next: 41%
Magic:  4/4        EV: 18    Int: 12    God:    Okawaru [**....]
Gold:   134        SH:  0    Dex: 20    Spells: 0 memorised, 3 levels left

rFire  . . .     SeeInvis .     a - +0 hand axe
rCold  . . .     Gourm    .     b - +0 robe
rNeg   . . .     Faith    .     (no shield)
rPois  .         Spirit   .     (no helmet)
rElec  .         Reflect  .     (no cloak)
rCorr  .         Harm     .     (no gloves)
MR     .....                    (no boots)
Stlth  +++.......               (no amulet)
                                (no ring)
                                (no ring)

@: agile
A: iridescent scales 1, demonic guardian 1
a: Heroism, Renounce Religion


You were on level 3 of the Dungeon.
You worshipped Okawaru.
Okawaru was pleased with you.
You were not hungry.

You visited 1 branch of the dungeon, and saw 3 of its levels.

You collected 134 gold pieces.

Inventory:

Hand Weapons
 a - a +0 hand axe (weapon)
Armour
 b - a +0 robe (worn)
Jewellery
 e - a cursed ring of loudness {unknown}
Scrolls
 d - a scroll of blinking {unknown}
 f - 3 scrolls of immolation {unknown}
 j - 2 scrolls of identify {unknown}
 n - a scroll of amnesia {unknown}
Potions
 m - a potion of magic
Comestibles
 c - 2 bread rations
 g - a beef jerky
 k - 7 chunks of flesh
 l - a royal jelly


   Skills:
 - Level 3.0 Fighting
 + Level 4.7 Axes
 - Level 2.6 Dodging
 - Level 1.7 Stealth


You had 3 spell levels left.
You didn't know any spells.

Dungeon Overview and Level Annotations

Branches:
Dungeon (3/15)

Altars:
Okawaru


Innate Abilities, Weirdness & Mutations

You are partially covered in iridescent scales. (AC +2)
A weak demonic guardian rushes to your aid.


Message History

Your ufetubus barely misses the orc. x2; Your ufetubus hits the orc. x2
The orc dies!
Okawaru accepts your kill. The orc priest hits you.
* * * LOW HITPOINT WARNING * * *
It was a potion of agility.
You feel agile all of a sudden.
Your ufetubus completely misses the orc priest. x2
The orc priest barely misses you.
You feel better.
Your ufetubus hits the orc. x3
The orc dies!
Okawaru accepts your kill.
The orc priest hits you but does no damage.
The orc priest invokes the aid of Beogh against you.
Pain shoots through your body!
* * * LOW HITPOINT WARNING * * *
You hit the orc priest but do no damage. x2
The orc priest mumbles some strange prayers to Beogh against you.
Beogh smites you!
You die...

? ..#. # # .#
..#.#..#. ##...
...%..........
#.#.♣.♣.#...
###.....(...r.#
....♣.♣.♣.♣..#
#...o@or...#
..###.♣.♣5♣.♣..#
.........)....#
####.#.♣.♣.#.#
##.## #.........#
...####..#####.##
#..##....# ...
#..##.##.# ### ##
#..##.##.#


You could see 2 orc priests, a rat and a friendly ufetubus.

Vanquished Creatures
  Jessica (D:3)
  3 adders (D:2)
  An ooze (D:2)
  An adder zombie (D:1)
  5 bats
  A bat zombie (D:1)
  2 giant cockroaches
  2 goblins
  3 hobgoblins
  2 kobolds
  A ball python (D:2)
  4 frilled lizards
  A rat (D:2)
27 creatures vanquished.

Vanquished Creatures (collateral kills)
  A gnoll (D:1)
  2 orcs (D:3)
  A frilled lizard (D:1)
4 creatures vanquished.

Grand Total: 31 creatures vanquished

Notes
Turn   | Place    | Note
-------+----------+-------------------------------------------
     0 | D:1      | Alarkh the Demonspawn Monk began the quest for the Orb.
     0 | D:1      | Reached XP level 1. HP: 18/18 MP: 1/1
    20 | D:1      | Reached skill level 3 in Axes
   303 | D:1      | Gained mutation: A weak demonic guardian rushes to your aid. [demonic ancestry]
   303 | D:1      | Reached XP level 2. HP: 24/24 MP: 2/2
  1217 | D:2      | Gained mutation: You are partially covered in iridescent scales. (AC +2) [demonic ancestry]
  1217 | D:2      | Reached XP level 3. HP: 21/29 MP: 3/3
  1356 | D:2      | Reached skill level 4 in Axes
  2112 | D:3      | Noticed Jessica
  2118 | D:3      | Killed Jessica
  2118 | D:3      | Reached XP level 4. HP: 28/35 MP: 4/4
  2168 | D:3      | Found an iron altar of Okawaru.
  2175 | D:3      | Became a worshipper of Warmaster Okawaru
  2175 | D:3      | Reached * piety under Okawaru
  2175 | D:3      | Reached ** piety under Okawaru
  2178 | D:3      | Killed from afar by an orc priest

Skill      XL: |  1  2  3 |
---------------+----------+-----
Axes           | 3 4 |  4.7
Fighting       | |  3.0
Dodging        | |  2.6
Stealth        | |  1.7

Action                   |  1- 3 |  4- 6 || total
-------------------------+-------+-------++-------
Melee: Hand axe          |   127 |     6 ||   133
  Use: Potion            |     5 |     2 ||     7
 Stab: Sleeping          |     4 |       ||     4
  Eat: Chunk             |     4 |       ||     4
Armor: Robe              |    37 |     5 ||    42
Dodge: Dodged            |   108 |     9 ||   117
